WCHLSIM.com - West Coast Hockey League
html PUBLIC "-//W3C//DTD XHTML 1.0 Transitional//EN" "http://www.w3.org/TR/xhtml1/DTD/xhtml1-transitional.dtd"> WCHL - Game 558 - NORTH DAKOTA HAWKS vs SALEM BLACK JAYS

NORTH DAKOTA HAWKS vs SALEM BLACK JAYS

Created - 7 janvier 2023 at 11:04

Goals
1 2 3 T
NORTH DAKOTA HAWKS 0 1 2 3
SALEM BLACK JAYS 1 0 0 1
Shots
1 2 3 T
NORTH DAKOTA HAWKS 9 14 16 39
SALEM BLACK JAYS 9 2 4 15

1st period

1. SALEM BLACK JAYS , Evgeny Dadonov 14 (Troy Terry 13, Martin Necas 19) at 17:44

Penalties :
Dylan Cozens (SAL) for Holding Stick (Minor) at 9:07

2nd period

2. NORTH DAKOTA HAWKS , Jason Robertson 16 (Nazem Kadri 22, Marc Staal 2) at 14:42

Penalties :
Nic Dowd (NDH) for Slashing (Minor) at 16:44

3rd period

3. NORTH DAKOTA HAWKS , Nick Suzuki 9 (Jake DeBrusk 7, Reyley Smith 16) at 2:25
4. NORTH DAKOTA HAWKS , Nick Suzuki 10 (Jake DeBrusk 8, Cale Makar 27) at 7:21

Penalties :
Marc Staal (NDH) for High sticking (Minor) at 3:00, Martin Necas (SAL) for Roughing (Minor) at 13:29, Michael Del Zotto (SAL) for Hooking (Minor) at 16:07

Goalie Stats

Carter Hart (NDH), 14 saves from 15 shots - (0,933), W, 14-6-1, 60:00 minutes
Anthony Stolarz (SAL), 36 saves from 39 shots - (0,923), L, 7-3-0, 60:00 minutes

Players Stats for NORTH DAKOTA HAWKS

Player Name              G  A  P  +/- PIM S  H  SB GA TA FO     MP     PP MP  PK MP  
------------------------------------------------------------------------------------
Alex Killorn             0  0  0  -1  0   4  2  0  0  0  1/2    17:46   2:45   0:00 
Cale Makar               0  1  1   0  0   2  0  2  0  0  0/0    21:12   3:28   0:06 
Dillon Dube              0  0  0   0  0   3  0  0  0  0  6/12   14:29   0:00   2:07 
Erik Johnson             0  0  0   1  0   0  1  0  0  0  0/0    16:39   0:31   1:45 
Jack Hughes              0  0  0  -1  0   2  0  0  0  0  4/8     7:40   1:07   0:00 
Jake DeBrusk             0  2  2   2  0   3  0  1  0  0  1/1    14:55   0:00   2:42 
Jason Robertson          1  0  1   1  0   5  1  0  0  0  1/2    21:09   3:12   0:53 
Jordan Kyrou             0  0  0  -1  0   1  0  0  0  0  0/1    18:47   2:45   1:01 
Justin Danforth          0  0  0   0  0   1  0  0  0  0  0/2     7:40   0:00   0:00 
Marc Staal               0  1  1   1  2   0  0  1  0  0  0/0    19:24   0:51   0:30 
Mathew Dumba             0  0  0   1  0   0  2  2  0  0  0/0    22:55   3:24   1:27 
Nazem Kadri              0  1  1   1  0   5  3  1  0  0  13/19  20:16   3:12   0:00 
Nic Dowd                 0  0  0   0  2   1  1  0  0  0  11/12   6:59   0:00   1:13 
Nick Holden              0  0  0   1  0   0  0  0  0  0  0/0    16:53   0:00   2:30 
Nick Suzuki              2  0  2   2  0   4  3  0  0  0  10/17  14:58   2:45   0:00 
Patrick Kane             0  0  0   1  0   5  0  0  0  0  0/1    20:16   3:12   0:00 
Reyley Smith             0  1  1   2  0   3  1  1  0  0  0/0    14:46   2:33   0:00 
Ryan Lindgren            0  0  0   0  0   0  1  0  0  0  0/0    19:16   0:00   1:38 

Players Stats for SALEM BLACK JAYS

Player Name              G  A  P  +/- PIM S  H  SB GA TA FO     MP     PP MP  PK MP  
------------------------------------------------------------------------------------
Brian Boyle              0  0  0   0  0   0  0  0  0  0  2/8    13:08   0:39   2:36 
Cody Ceci                0  0  0  -2  0   2  3  3  0  0  0/0    25:24   0:55   3:27 
Daniel Sprong            0  0  0  -1  0   0  0  0  0  0  0/1    11:06   0:39   0:44 
Dylan Cozens             0  0  0  -1  2   1  1  0  0  0  6/11    9:42   0:00   0:00 
Evgeny Dadonov           1  0  1   0  0   1  2  0  0  0  0/4    16:58   0:55   2:37 
Filip Chytil             0  0  0  -1  0   3  0  0  0  0  0/0     9:43   0:00   0:00 
Joshua Morrissey         0  0  0   0  0   0  2  1  0  0  0/0    18:25   1:20   1:07 
Martin Necas             0  1  1   0  2   0  2  2  0  0  1/3    15:49   1:04   1:20 
Mathew Barzal            0  0  0  -1  0   0  1  0  0  0  11/27  18:37   1:34   0:00 
Matt Benning             0  0  0   0  0   0  0  0  0  0  0/0     6:56   0:39   0:13 
Michael Del Zotto        0  0  0   0  2   0  4  3  0  0  0/0    16:42   2:15   1:23 
Mikko Rantanen           0  0  0  -1  0   4  2  1  0  0  0/1    19:27   2:24   0:00 
Mitchell Marner          0  0  0  -1  0   2  0  0  0  0  0/0    20:43   2:24   1:16 
Nick Jensen              0  0  0   0  0   0  1  3  0  0  0/0    20:34   1:43   2:53 
Scott Mayfield           0  0  0  -2  0   0  2  2  0  0  0/0    18:53   1:04   2:51 
Theodor Blueger          0  0  0   0  0   1  0  0  0  0  2/9    14:34   1:20   3:21 
Troy Terry               0  1  1   0  0   1  0  0  0  0  8/13   24:14   0:55   0:00 
Urho Vaakanainen         0  0  0   0  0   0  1  1  0  0  0/0    13:05   0:00   0:00 

3 Stars

1 - Nick Suzuki (NDH)
2 - Jake DeBrusk (NDH)
3 - Jason Robertson (NDH)

Power Play

NORTH DAKOTA HAWKS - 0 on 3 Attempt(s) - 0,00%
SALEM BLACK JAYS - 0 on 2 Attempt(s) - 0,00%

Penalty Kill

NORTH DAKOTA HAWKS - 2 on 2 Attempt(s) - 100,00% - Score 0 goal in Penalty Kill
SALEM BLACK JAYS - 3 on 3 Attempt(s) - 100,00% - Score 0 goal in Penalty Kill

Team Stat

NORTH DAKOTA HAWKS - Hits : 15 - Faceoff Wins : 47 - Blocked Shots : 8 - Penalty Minutes : 4
SALEM BLACK JAYS - Hits : 21 - Faceoff Wins : 30 - Blocked Shots : 16 - Penalty Minutes : 6

Official

Referees : Trevor Hanson and Garrett Rank
Linesman : Steven Walsh and Kelsey Mahoney

Game Notes

Jack Hughes is injured at 5:11 of 2nd period (Back)

Finance

Level 1 -- Attendance: 6000 (100,00%) -- Ticket Income 918 000 $
Level 2 -- Attendance: 5000 (100,00%) -- Ticket Income 535 000 $
Level 3 -- Attendance: 2000 (100,00%) -- Ticket Income 162 000 $
Level 4 -- Attendance: 4000 (100,00%) -- Ticket Income 232 000 $
Luxury Box -- Attendance: 961 (96,10%) -- Ticket Income 267 158 $
Game was played at the Demon Arena.
Total Attendance: 17961 (99,78%)
Total Ticket Income: 2 114 158 $
Other Expense: 21 142 $
Total Income: 2 093 016 $

NORTH DAKOTA HAWKS

5 vs 5 Forward 
   Center                   Left Wing                Right Wing               Time % Phy DF OF 
 1 Nazem Kadri              Jason Robertson          Patrick Kane             34     0   0  5  
 2 Jack Hughes              Alex Killorn             Jordan Kyrou             29     0   0  5  
 3 Nick Suzuki              Jake DeBrusk             Reyley Smith             24     0   2  3  
 4 Nic Dowd                 Dillon Dube              Justin Danforth          13     0   4  1  

5 vs 5 Defense 
   Defense                  Defense                                           Time % Phy DF OF 
 1 Ryan Lindgren            Cale Makar                                        37     0   2  3  
 2 Marc Staal               Mathew Dumba                                      35     0   5  0  
 3 Nick Holden              Erik Johnson                                      18     0   5  0  
 4 Nick Holden              Erik Johnson                                      10     0   5  0  

PowerPlay Forward 
   Center                   Left Wing                Right Wing               Time % Phy DF OF 
 1 Nazem Kadri              Jason Robertson          Patrick Kane             60     0   0  5  
 2 Nick Suzuki              Alex Killorn             Jordan Kyrou             40     0   0  5  

PowerPlay Defense
   Defense                  Defense                                           Time % Phy DF OF 
 1 Cale Makar               Reyley Smith                                      60     0   0  5  
 2 Mathew Dumba             Jack Hughes                                       40     0   0  5  

Penalty Kill 4 Players Forward 
   Center                   Wing                     Time % Phy DF OF 
 1 Nic Dowd                 Jake DeBrusk             70     0   5  0  
 2 Nazem Kadri              Reyley Smith             30     0   5  0  

Penalty Kill 4 Players Defense
   Defense                  Defense                  Time % Phy DF OF 
 1 Nick Holden              Erik Johnson             70     0   5  0  
 2 Marc Staal               Mathew Dumba             30     0   5  0  

Penalty Kill - 3 Players Forward 
   Forward                                           Time % Phy DF OF 
 1 Nic Dowd                                          70     0   5  0  
 2 Nazem Kadri                                       30     0   5  0  

Penalty Kill - 3 Players Defense
   Defense                  Defense                  Time % Phy DF OF 
 1 Nick Holden              Erik Johnson             70     0   5  0  
 2 Marc Staal               Mathew Dumba             30     0   5  0  

4 vs 4 Forward 
   Center                   Wing                     Time % Phy DF OF 
 1 Nazem Kadri              Jason Robertson          55     0   0  5  
 2 Jack Hughes              Jordan Kyrou             45     0   0  5  

4 vs 4 Defense
   Defense                  Defense                  Time % Phy DF OF 
 1 Ryan Lindgren            Cale Makar               55     0   1  4  
 2 Nick Holden              Mathew Dumba             45     0   1  4  

Last Minutes Offensive
   Center                   Left Wing                Right Wing               Defense                  Defense                  
   Nazem Kadri              Jason Robertson          Jordan Kyrou             Jack Hughes              Cale Makar               

Last Minutes Defensive
   Center                   Left Wing                Right Wing               Defense                  Defense                  
   Nazem Kadri              Jason Robertson          Reyley Smith             Ryan Lindgren            Cale Makar               

Goaltenders
Starting : Carter Hart              
Backup : Pavel Francouz           

Extra Forwards
Normal : Dillon Dube, Justin Danforth, Jake DeBrusk - PP : Jake DeBrusk, Nic Dowd - PK : Dillon Dube
Extra Defensemen
Normal : Ryan Lindgren, Marc Staal, Erik Johnson - PP : Erik Johnson - PK : Ryan Lindgren, Cale Makar
Penalty Shots
Nazem Kadri, Jack Hughes, Jason Robertson, Patrick Kane, Jordan Kyrou
Custom OT Lines Forwards
Nazem Kadri, Patrick Kane, Jason Robertson, Jack Hughes, Jordan Kyrou, Nick Suzuki, Alex Killorn, Reyley Smith, Jake DeBrusk, Dillon Dube
Custom OT Lines Defensemen
Cale Makar, Mathew Dumba, Erik Johnson, Nick Holden, Ryan Lindgren

Scratches
Connor Clifton (Healthy), Frank Vatrano (Separated Right Shoulder Injury), Josh Manson (Healthy)

SALEM BLACK JAYS

5 vs 5 Forward 
   Center                   Left Wing                Right Wing               Time % Phy DF OF 
 1 Mathew Barzal            Mikko Rantanen           Mitchell Marner          33     1   1  3  
 2 Troy Terry               Evgeny Dadonov           Martin Necas             32     1   1  3  
 3 Theodor Blueger          Brian Boyle              Troy Terry               25     1   2  2  
 4 Dylan Cozens             Daniel Sprong            Filip Chytil             10     1   2  2  

5 vs 5 Defense 
   Defense                  Defense                                           Time % Phy DF OF 
 1 Joshua Morrissey         Nick Jensen                                       36     1   2  2  
 2 Scott Mayfield           Cody Ceci                                         31     1   2  2  
 3 Urho Vaakanainen         Michael Del Zotto                                 23     1   3  1  
 4 Cody Ceci                Matt Benning                                      10     1   1  3  

PowerPlay Forward 
   Center                   Left Wing                Right Wing               Time % Phy DF OF 
 1 Martin Necas             Mikko Rantanen           Mitchell Marner          55     1   0  4  
 2 Mathew Barzal            Evgeny Dadonov           Troy Terry               45     1   0  4  

PowerPlay Defense
   Defense                  Defense                                           Time % Phy DF OF 
 1 Nick Jensen              Scott Mayfield                                    55     1   1  3  
 2 Michael Del Zotto        Cody Ceci                                         45     1   1  3  

Penalty Kill 4 Players Forward 
   Center                   Wing                     Time % Phy DF OF 
 1 Brian Boyle              Martin Necas             55     1   4  0  
 2 Theodor Blueger          Evgeny Dadonov           45     1   4  0  

Penalty Kill 4 Players Defense
   Defense                  Defense                  Time % Phy DF OF 
 1 Cody Ceci                Nick Jensen              55     1   4  0  
 2 Scott Mayfield           Michael Del Zotto        45     1   4  0  

Penalty Kill - 3 Players Forward 
   Forward                                           Time % Phy DF OF 
 1 Martin Necas                                      55     1   4  0  
 2 Theodor Blueger                                   45     1   4  0  

Penalty Kill - 3 Players Defense
   Defense                  Defense                  Time % Phy DF OF 
 1 Cody Ceci                Nick Jensen              55     1   4  0  
 2 Scott Mayfield           Joshua Morrissey         45     1   4  0  

4 vs 4 Forward 
   Center                   Wing                     Time % Phy DF OF 
 1 Troy Terry               Mikko Rantanen           55     1   2  2  
 2 Mathew Barzal            Mitchell Marner          45     1   2  2  

4 vs 4 Defense
   Defense                  Defense                  Time % Phy DF OF 
 1 Michael Del Zotto        Cody Ceci                55     1   2  2  
 2 Nick Jensen              Scott Mayfield           45     1   2  2  

Last Minutes Offensive
   Center                   Left Wing                Right Wing               Defense                  Defense                  
   Mathew Barzal            Mikko Rantanen           Mitchell Marner          Joshua Morrissey         Michael Del Zotto        

Last Minutes Defensive
   Center                   Left Wing                Right Wing               Defense                  Defense                  
   Mathew Barzal            Mikko Rantanen           Mitchell Marner          Joshua Morrissey         Michael Del Zotto        

Goaltenders
Starting : Anthony Stolarz          
Backup : Juuse Saros              

Extra Forwards
Normal : Martin Necas, Brian Boyle, Dylan Cozens - PP : Martin Necas, Theodor Blueger - PK : Mitchell Marner
Extra Defensemen
Normal : Cody Ceci, Nick Jensen, Scott Mayfield - PP : Nick Jensen - PK : Cody Ceci, Michael Del Zotto
Penalty Shots
Mikko Rantanen, Mitchell Marner, Martin Necas, Troy Terry, Mathew Barzal
Custom OT Lines Forwards
Filip Chytil, Mitchell Marner, Mikko Rantanen, Troy Terry, Mathew Barzal, Martin Necas, Evgeny Dadonov, Dylan Cozens, Theodor Blueger, Brian Boyle
Custom OT Lines Defensemen
Joshua Morrissey, Michael Del Zotto, Nick Jensen, Cody Ceci, Scott Mayfield

Scratches
Dylan Larkin (Dislocated Patella Injury)

% Time on Ice - NORTH DAKOTA HAWKS

Lines # - Real PCT - Wanted PCT - Time Play
Normal Forward
1 - 34% - 34% - 17:04
2 - 30% - 29% - 15:01
3 - 24% - 24% - 12:13
4 - 12% - 13% - 5:47
Normal Defense
1 - 35% - 37% - 17:38
2 - 36% - 35% - 18:04
3 - 19% - 18% - 9:24
4 - 10% - 10% - 4:59
PP Forward
1 - 54% - 60% - 3:12
2 - 46% - 40% - 2:45
PP Defense
1 - 43% - 60% - 2:33
2 - 57% - 40% - 3:24
PK Forward
1 - 100% - 70% - 3:58
2 - 0% - 30% - 0:00
PK Defense
1 - 63% - 70% - 2:31
2 - 37% - 30% - 1:27
PK3 Forward
1 - 0% - 70%
2 - 0% - 30%
PK3 Defense
1 - 0% - 70%
2 - 0% - 30%
44 Forward
1 - 0% - 55%
2 - 0% - 45%
44 Defense
1 - 0% - 55%
2 - 0% - 45%
Last Minute Offensive  - 0:00
Last Minute Defensive  - 0:00
Total
Forward - 60:00
Defense - 60:00

% Time on Ice - SALEM BLACK JAYS

Lines # - Real PCT - Wanted PCT - Time Play
Normal Forward
1 - 34% - 33% - 17:03
2 - 27% - 32% - 13:26
3 - 20% - 25% - 9:53
4 - 19% - 10% - 9:43
Normal Defense
1 - 32% - 36% - 15:58
2 - 30% - 31% - 14:58
3 - 26% - 23% - 13:05
4 - 12% - 10% - 6:04
PP Forward
1 - 61% - 55% - 2:24
2 - 39% - 45% - 1:34
PP Defense
1 - 43% - 55% - 1:43
2 - 57% - 45% - 2:15
PK Forward
1 - 56% - 55% - 3:20
2 - 44% - 45% - 2:37
PK Defense
1 - 48% - 55% - 2:53
2 - 52% - 45% - 3:04
PK3 Forward
1 - 0% - 55%
2 - 0% - 45%
PK3 Defense
1 - 0% - 55%
2 - 0% - 45%
44 Forward
1 - 0% - 55%
2 - 0% - 45%
44 Defense
1 - 0% - 55%
2 - 0% - 45%
Last Minute Offensive  - 0:00
Last Minute Defensive  - 0:00
Total
Forward - 60:00
Defense - 60:00

Play-by-Play

1st period


0:01 of 1st period - Nazem Kadri wins face-off versus Mathew Barzal in neutral zone.
0:09 of 1st period - Jason Robertson is hit by Joshua Morrissey and loses puck.
0:18 of 1st period - Shot by Nazem Kadri.
0:18 of 1st period - Stopped by Anthony Stolarz without a rebound.
0:19 of 1st period - Troy Terry wins face-off versus Jack Hughes in SALEM BLACK JAYS zone.
0:26 of 1st period - Mathew Dumba is hit by Martin Necas and loses puck.
0:41 of 1st period - Shot by Evgeny Dadonov.
0:41 of 1st period - Shot Blocked by Mathew Dumba.
0:43 of 1st period - Shot by Cody Ceci.
0:43 of 1st period - Stopped by Carter Hart without a rebound.
0:44 of 1st period - Dylan Cozens wins face-off versus Nick Suzuki in NORTH DAKOTA HAWKS zone.
0:45 of 1st period - Shot by Filip Chytil.
0:45 of 1st period - Stopped by Carter Hart without a rebound.
0:46 of 1st period - Nick Suzuki wins face-off versus Theodor Blueger in NORTH DAKOTA HAWKS zone.
1:00 of 1st period - Icing by Urho Vaakanainen.
1:01 of 1st period - Nic Dowd wins face-off versus Theodor Blueger in SALEM BLACK JAYS zone.
1:01 of 1st period - Nic Dowd is hit by Michael Del Zotto.
1:24 of 1st period - Shot by Theodor Blueger.
1:24 of 1st period - Stopped by Carter Hart without a rebound.
1:25 of 1st period - Nazem Kadri wins face-off versus Mathew Barzal in NORTH DAKOTA HAWKS zone.
1:39 of 1st period - Icing by Erik Johnson.
1:40 of 1st period - Nazem Kadri wins face-off versus Dylan Cozens in NORTH DAKOTA HAWKS zone.
2:18 of 1st period - Shot by Filip Chytil.
2:18 of 1st period - Stopped by Carter Hart without a rebound.
2:19 of 1st period - Nick Suzuki wins face-off versus Evgeny Dadonov in NORTH DAKOTA HAWKS zone.
2:44 of 1st period - Icing by Nick Jensen.
2:45 of 1st period - Troy Terry wins face-off versus Jack Hughes in SALEM BLACK JAYS zone.
2:51 of 1st period - Ryan Lindgren is hit by Evgeny Dadonov and loses puck.
3:30 of 1st period - Shot by Jordan Kyrou.
3:30 of 1st period - Stopped by Anthony Stolarz without a rebound.
3:31 of 1st period - Mathew Barzal wins face-off versus Nick Suzuki in SALEM BLACK JAYS zone.
3:31 of 1st period - Mathew Barzal is hit by Reyley Smith.
3:59 of 1st period - Shot by Mitchell Marner.
3:59 of 1st period - Shot Blocked by Reyley Smith.
4:29 of 1st period - Icing by Daniel Sprong.
4:30 of 1st period - Nazem Kadri wins face-off versus Dylan Cozens in SALEM BLACK JAYS zone.
4:54 of 1st period - Nick Holden is hit by Dylan Cozens.
5:03 of 1st period - Patrick Kane is hit by Michael Del Zotto and loses puck.
5:06 of 1st period - Shot by Nick Holden.
5:06 of 1st period - Deflect By Nazem Kadri.
5:06 of 1st period - Stopped by Anthony Stolarz without a rebound.
5:07 of 1st period - Theodor Blueger wins face-off versus Jordan Kyrou in SALEM BLACK JAYS zone.
5:38 of 1st period - Alex Killorn is hit by Nick Jensen.
6:28 of 1st period - Shot by Mitchell Marner.
6:28 of 1st period - Stopped by Carter Hart without a rebound.
6:29 of 1st period - Dylan Cozens wins face-off versus Nic Dowd in NORTH DAKOTA HAWKS zone.
6:29 of 1st period - Filip Chytil is hit by Mathew Dumba and loses puck.
6:49 of 1st period - Icing by Mathew Dumba.
6:50 of 1st period - Nic Dowd wins face-off versus Mathew Barzal in NORTH DAKOTA HAWKS zone.
7:10 of 1st period - Mikko Rantanen is hit by Mathew Dumba and loses puck.
7:21 of 1st period - Shot by Mikko Rantanen.
7:21 of 1st period - Shot Blocked by Mathew Dumba.
7:44 of 1st period - Icing by Mathew Dumba.
7:45 of 1st period - Nic Dowd wins face-off versus Troy Terry in NORTH DAKOTA HAWKS zone.
7:45 of 1st period - Dillon Dube is hit by Martin Necas and loses puck.
8:05 of 1st period - Shot by Jason Robertson.
8:05 of 1st period - Deflect By Patrick Kane.
8:05 of 1st period - Stopped by Anthony Stolarz with a rebound.
8:07 of 1st period - Shot by Jason Robertson.
8:07 of 1st period - Shot Misses the Net.
8:09 of 1st period - Shot by Erik Johnson.
8:09 of 1st period - Shot Misses the Net.
8:11 of 1st period - Shot by Jason Robertson.
8:11 of 1st period - Shot Blocked by Nick Jensen.
8:35 of 1st period - Shot by Nazem Kadri.
8:35 of 1st period - Stopped by Anthony Stolarz without a rebound.
8:36 of 1st period - Dylan Cozens wins face-off versus Nick Suzuki in SALEM BLACK JAYS zone.
8:36 of 1st period - Dylan Cozens is hit by Nick Suzuki.
8:46 of 1st period - Shot by Cale Makar.
8:46 of 1st period - Shot Blocked by Michael Del Zotto.
9:07 of 1st period - Minor Penalty to Dylan Cozens for Holding Stick.
9:08 of 1st period - Brian Boyle wins face-off versus Nazem Kadri in SALEM BLACK JAYS zone.
9:46 of 1st period - Off-side.
9:47 of 1st period - Nick Suzuki wins face-off versus Brian Boyle in neutral zone.
11:26 of 1st period - Shot by Dillon Dube.
11:26 of 1st period - Stopped by Anthony Stolarz without a rebound.
11:27 of 1st period - Dylan Cozens wins face-off versus Nazem Kadri in SALEM BLACK JAYS zone.
11:48 of 1st period - Shot by Filip Chytil.
11:48 of 1st period - Stopped by Carter Hart without a rebound.
11:49 of 1st period - Jack Hughes wins face-off versus Mathew Barzal in NORTH DAKOTA HAWKS zone.
13:12 of 1st period - Shot by Nazem Kadri.
13:12 of 1st period - Shot Blocked by Joshua Morrissey.
13:18 of 1st period - Shot by Patrick Kane.
13:18 of 1st period - Shot Misses the Net.
13:26 of 1st period - Shot by Nazem Kadri.
13:26 of 1st period - Shot Blocked by Nick Jensen.
14:49 of 1st period - Shot by Mitchell Marner.
14:49 of 1st period - Shot Misses the Net.
14:51 of 1st period - Shot by Mitchell Marner.
14:51 of 1st period - Shot Misses the Net.
15:28 of 1st period - Icing by Urho Vaakanainen.
15:29 of 1st period - Mathew Barzal wins face-off versus Nazem Kadri in SALEM BLACK JAYS zone.
16:20 of 1st period - Icing by Scott Mayfield.
16:21 of 1st period - Jack Hughes wins face-off versus Daniel Sprong in SALEM BLACK JAYS zone.
16:30 of 1st period - Shot by Jack Hughes.
16:30 of 1st period - Stopped by Anthony Stolarz without a rebound.
16:31 of 1st period - Jack Hughes wins face-off versus Mathew Barzal in SALEM BLACK JAYS zone.
16:38 of 1st period - Shot by Jack Hughes.
16:38 of 1st period - Shot Misses the Net.
17:09 of 1st period - Icing by Jack Hughes.
17:10 of 1st period - Troy Terry wins face-off versus Jack Hughes in NORTH DAKOTA HAWKS zone.
17:24 of 1st period - Shot by Troy Terry.
17:24 of 1st period - Stopped by Carter Hart with a rebound.
17:44 of 1st period - Shot by Evgeny Dadonov.
17:44 of 1st period - Goal by Evgeny Dadonov - NORTH DAKOTA HAWKS : 0 - SALEM BLACK JAYS : 1.
17:45 of 1st period - Nazem Kadri wins face-off versus Dylan Cozens in neutral zone.
17:52 of 1st period - Shot by Jason Robertson.
17:52 of 1st period - Stopped by Anthony Stolarz without a rebound.
17:53 of 1st period - Mathew Barzal wins face-off versus Patrick Kane in SALEM BLACK JAYS zone.
18:24 of 1st period - Shot by Mitchell Marner.
18:24 of 1st period - Shot Blocked by Marc Staal.
18:26 of 1st period - Shot by Cody Ceci.
18:26 of 1st period - Stopped by Carter Hart without a rebound.
18:27 of 1st period - Jake DeBrusk wins face-off versus Troy Terry in NORTH DAKOTA HAWKS zone.
18:27 of 1st period - Jake DeBrusk is hit by Evgeny Dadonov.
18:45 of 1st period - Shot by Jake DeBrusk.
18:45 of 1st period - Shot Misses the Net.
18:50 of 1st period - Icing by Evgeny Dadonov.
18:51 of 1st period - Troy Terry wins face-off versus Nazem Kadri in SALEM BLACK JAYS zone.
18:51 of 1st period - Troy Terry is hit by Jason Robertson.
18:59 of 1st period - Shot by Patrick Kane.
18:59 of 1st period - Stopped by Anthony Stolarz without a rebound.
19:00 of 1st period - Mathew Barzal wins face-off versus Nazem Kadri in SALEM BLACK JAYS zone.
19:43 of 1st period - Shot by Mathew Barzal.
19:43 of 1st period - Shot Blocked by Nazem Kadri.
Goals for this period are 0 for NORTH DAKOTA HAWKS vs 1 for SALEM BLACK JAYS.
Shots for this period are 9 for NORTH DAKOTA HAWKS vs 9 for SALEM BLACK JAYS.

2nd period


0:01 of 2nd period - Nick Suzuki wins face-off versus Troy Terry in neutral zone.
0:04 of 2nd period - Evgeny Dadonov is hit by Nick Suzuki and loses puck.
0:09 of 2nd period - Shot by Nick Suzuki.
0:09 of 2nd period - Stopped by Anthony Stolarz without a rebound.
0:10 of 2nd period - Troy Terry wins face-off versus Jack Hughes in SALEM BLACK JAYS zone.
0:35 of 2nd period - Shot by Jordan Kyrou.
0:35 of 2nd period - Shot Misses the Net.
0:52 of 2nd period - Shot by Jordan Kyrou.
0:52 of 2nd period - Deflect By Jack Hughes.
0:52 of 2nd period - Stopped by Anthony Stolarz without a rebound.
0:53 of 2nd period - Nick Suzuki wins face-off versus Mathew Barzal in SALEM BLACK JAYS zone.
1:00 of 2nd period - Shot by Reyley Smith.
1:00 of 2nd period - Stopped by Anthony Stolarz without a rebound.
1:01 of 2nd period - Mathew Barzal wins face-off versus Nick Suzuki in SALEM BLACK JAYS zone.
1:06 of 2nd period - Shot by Mitchell Marner.
1:06 of 2nd period - Shot Blocked by Jake DeBrusk.
1:29 of 2nd period - Shot by Jake DeBrusk.
1:29 of 2nd period - Stopped by Anthony Stolarz without a rebound.
1:30 of 2nd period - Nazem Kadri wins face-off versus Martin Necas in SALEM BLACK JAYS zone.
1:59 of 2nd period - Shot by Patrick Kane.
1:59 of 2nd period - Shot Misses the Net.
2:02 of 2nd period - Icing by Cody Ceci.
2:03 of 2nd period - Troy Terry wins face-off versus Nick Suzuki in SALEM BLACK JAYS zone.
2:30 of 2nd period - Shot by Reyley Smith.
2:30 of 2nd period - Stopped by Anthony Stolarz with a rebound.
2:52 of 2nd period - Off-side.
2:53 of 2nd period - Alex Killorn wins face-off versus Dylan Cozens in neutral zone.
3:24 of 2nd period - Alex Killorn is hit by Urho Vaakanainen and loses puck.
3:49 of 2nd period - Jason Robertson is hit by Michael Del Zotto and loses puck.
4:55 of 2nd period - Shot by Reyley Smith.
4:55 of 2nd period - Deflect By Nick Suzuki.
4:55 of 2nd period - Shot Misses the Net.
4:57 of 2nd period - Shot by Reyley Smith.
4:57 of 2nd period - Stopped by Anthony Stolarz without a rebound.
4:58 of 2nd period - Nic Dowd wins face-off versus Mathew Barzal in SALEM BLACK JAYS zone.
5:09 of 2nd period - Shot by Mikko Rantanen.
5:09 of 2nd period - Stopped by Carter Hart without a rebound.
5:10 of 2nd period - Jack Hughes wins face-off versus Mathew Barzal in NORTH DAKOTA HAWKS zone.
5:10 of 2nd period - Jack Hughes is hit by Mikko Rantanen.
5:11 of 2nd period - Jack Hughes from NORTH DAKOTA HAWKS is injured at 5:11 of 2nd period (Back).
5:12 of 2nd period - Dillon Dube wins face-off versus Mathew Barzal in NORTH DAKOTA HAWKS zone.
5:14 of 2nd period - Icing by Alex Killorn.
5:15 of 2nd period - Dillon Dube wins face-off versus Mathew Barzal in NORTH DAKOTA HAWKS zone.
5:24 of 2nd period - Jordan Kyrou is hit by Scott Mayfield and loses puck.
5:47 of 2nd period - Shot by Mikko Rantanen.
5:47 of 2nd period - Deflect By Mitchell Marner.
5:47 of 2nd period - Shot Misses the Net.
5:56 of 2nd period - Icing by Erik Johnson.
5:57 of 2nd period - Dillon Dube wins face-off versus Martin Necas in NORTH DAKOTA HAWKS zone.
6:45 of 2nd period - Shot by Nazem Kadri.
6:45 of 2nd period - Stopped by Anthony Stolarz with a rebound.
6:47 of 2nd period - Shot by Nazem Kadri.
6:47 of 2nd period - Shot Misses the Net.
6:55 of 2nd period - Martin Necas is hit by Nazem Kadri and loses puck.
7:20 of 2nd period - Shot by Cale Makar.
7:20 of 2nd period - Stopped by Anthony Stolarz without a rebound.
7:21 of 2nd period - Mathew Barzal wins face-off versus Dillon Dube in SALEM BLACK JAYS zone.
7:21 of 2nd period - Mathew Barzal is hit by Alex Killorn.
8:20 of 2nd period - Off-side.
8:21 of 2nd period - Nick Suzuki wins face-off versus Dylan Cozens in neutral zone.
8:46 of 2nd period - Daniel Sprong is hit by Nick Suzuki and loses puck.
9:37 of 2nd period - Shot by Nazem Kadri.
9:37 of 2nd period - Stopped by Anthony Stolarz with a rebound.
10:31 of 2nd period - Shot by Alex Killorn.
10:31 of 2nd period - Shot Blocked by Urho Vaakanainen.
10:33 of 2nd period - Shot by Justin Danforth.
10:33 of 2nd period - Stopped by Anthony Stolarz without a rebound.
10:34 of 2nd period - Nick Suzuki wins face-off versus Theodor Blueger in SALEM BLACK JAYS zone.
10:58 of 2nd period - Theodor Blueger is hit by Erik Johnson and loses puck.
12:47 of 2nd period - Icing by Cody Ceci.
12:48 of 2nd period - Nic Dowd wins face-off versus Mathew Barzal in SALEM BLACK JAYS zone.
12:57 of 2nd period - Shot by Dillon Dube.
12:57 of 2nd period - Stopped by Anthony Stolarz without a rebound.
12:58 of 2nd period - Troy Terry wins face-off versus Alex Killorn in SALEM BLACK JAYS zone.
13:23 of 2nd period - Shot by Jordan Kyrou.
13:23 of 2nd period - Shot Blocked by Nick Jensen.
14:17 of 2nd period - Shot by Patrick Kane.
14:17 of 2nd period - Stopped by Anthony Stolarz without a rebound.
14:18 of 2nd period - Dylan Cozens wins face-off versus Jason Robertson in SALEM BLACK JAYS zone.
14:18 of 2nd period - Dylan Cozens is hit by Nazem Kadri.
14:42 of 2nd period - Shot by Jason Robertson.
14:42 of 2nd period - Goal by Jason Robertson - NORTH DAKOTA HAWKS : 1 - SALEM BLACK JAYS : 1.
14:43 of 2nd period - Mathew Barzal wins face-off versus Nick Suzuki in neutral zone.
15:05 of 2nd period - Reyley Smith is hit by Cody Ceci and loses puck.
15:14 of 2nd period - Shot by Jake DeBrusk.
15:14 of 2nd period - Shot Blocked by Mikko Rantanen.
15:18 of 2nd period - Shot by Nick Suzuki.
15:18 of 2nd period - Deflect By Jake DeBrusk.
15:18 of 2nd period - Stopped by Anthony Stolarz with a rebound.
15:21 of 2nd period - Reyley Smith is hit by Cody Ceci and loses puck.
15:31 of 2nd period - Icing by Cody Ceci.
15:32 of 2nd period - Nazem Kadri wins face-off versus Mathew Barzal in SALEM BLACK JAYS zone.
15:39 of 2nd period - Shot by Jason Robertson.
15:39 of 2nd period - Shot Misses the Net.
16:44 of 2nd period - Minor Penalty to Nic Dowd for Slashing.
16:45 of 2nd period - Martin Necas wins face-off versus Dillon Dube in NORTH DAKOTA HAWKS zone.
17:00 of 2nd period - Shot by Mitchell Marner.
17:00 of 2nd period - Stopped by Carter Hart without a rebound.
17:01 of 2nd period - Dillon Dube wins face-off versus Mathew Barzal in NORTH DAKOTA HAWKS zone.
17:56 of 2nd period - Shot by Mitchell Marner.
17:56 of 2nd period - Deflect By Mikko Rantanen.
17:56 of 2nd period - Shot Misses the Net.
17:58 of 2nd period - Shot by Scott Mayfield.
17:58 of 2nd period - Shot Misses the Net.
18:00 of 2nd period - Shot by Martin Necas.
18:00 of 2nd period - Shot Misses the Net.
18:20 of 2nd period - Shot by Mitchell Marner.
18:20 of 2nd period - Shot Misses the Net.
18:26 of 2nd period - Shot by Mitchell Marner.
18:26 of 2nd period - Shot Misses the Net.
18:28 of 2nd period - Shot by Mikko Rantanen.
18:28 of 2nd period - Shot Misses the Net.
18:56 of 2nd period - Shot by Daniel Sprong.
18:56 of 2nd period - Shot Misses the Net.
19:07 of 2nd period - Icing by Patrick Kane.
19:08 of 2nd period - Jason Robertson wins face-off versus Theodor Blueger in NORTH DAKOTA HAWKS zone.
19:15 of 2nd period - Shot by Nazem Kadri.
19:15 of 2nd period - Shot Misses the Net.
19:43 of 2nd period - Shot by Troy Terry.
19:43 of 2nd period - Shot Misses the Net.
19:50 of 2nd period - Icing by Marc Staal.
19:51 of 2nd period - Mathew Barzal wins face-off versus Dillon Dube in NORTH DAKOTA HAWKS zone.
Goals for this period are 1 for NORTH DAKOTA HAWKS vs 0 for SALEM BLACK JAYS.
Shots for this period are 14 for NORTH DAKOTA HAWKS vs 2 for SALEM BLACK JAYS.

3rd period


0:01 of 3rd period - Nic Dowd wins face-off versus Evgeny Dadonov in neutral zone.
0:20 of 3rd period - Icing by Scott Mayfield.
0:21 of 3rd period - Dillon Dube wins face-off versus Troy Terry in SALEM BLACK JAYS zone.
0:22 of 3rd period - Shot by Alex Killorn.
0:22 of 3rd period - Stopped by Anthony Stolarz with a rebound.
0:24 of 3rd period - Shot by Marc Staal.
0:24 of 3rd period - Shot Blocked by Martin Necas.
0:26 of 3rd period - Shot by Dillon Dube.
0:26 of 3rd period - Deflect By Alex Killorn.
0:26 of 3rd period - Shot Misses the Net.
0:28 of 3rd period - Shot by Mathew Dumba.
0:28 of 3rd period - Shot Blocked by Cody Ceci.
0:30 of 3rd period - Shot by Marc Staal.
0:30 of 3rd period - Shot Misses the Net.
0:58 of 3rd period - Shot by Alex Killorn.
0:58 of 3rd period - Stopped by Anthony Stolarz with a rebound.
1:02 of 3rd period - Shot by Dillon Dube.
1:02 of 3rd period - Shot Blocked by Martin Necas.
1:40 of 3rd period - Shot by Nazem Kadri.
1:40 of 3rd period - Shot Blocked by Cody Ceci.
1:42 of 3rd period - Shot by Nazem Kadri.
1:42 of 3rd period - Shot Misses the Net.
1:59 of 3rd period - Cody Ceci is hit by Nazem Kadri.
2:23 of 3rd period - Shot by Nick Suzuki.
2:23 of 3rd period - Stopped by Anthony Stolarz with a rebound.
2:25 of 3rd period - Shot by Jake DeBrusk.
2:25 of 3rd period - Deflect By Nick Suzuki.
2:25 of 3rd period - Goal by Nick Suzuki - NORTH DAKOTA HAWKS : 2 - SALEM BLACK JAYS : 1.
2:26 of 3rd period - Mathew Barzal wins face-off versus Justin Danforth in neutral zone.
3:00 of 3rd period - Minor Penalty to Marc Staal for High sticking.
3:01 of 3rd period - Nic Dowd wins face-off versus Theodor Blueger in NORTH DAKOTA HAWKS zone.
4:16 of 3rd period - Off-side.
4:17 of 3rd period - Nic Dowd wins face-off versus Theodor Blueger in neutral zone.
5:30 of 3rd period - Shot by Nazem Kadri.
5:30 of 3rd period - Deflect By Patrick Kane.
5:30 of 3rd period - Stopped by Anthony Stolarz without a rebound.
5:31 of 3rd period - Troy Terry wins face-off versus Justin Danforth in SALEM BLACK JAYS zone.
5:36 of 3rd period - Shot by Alex Killorn.
5:36 of 3rd period - Shot Misses the Net.
7:19 of 3rd period - Shot by Cale Makar.
7:19 of 3rd period - Shot Misses the Net.
7:21 of 3rd period - Shot by Jake DeBrusk.
7:21 of 3rd period - Deflect By Nick Suzuki.
7:21 of 3rd period - Goal by Nick Suzuki - NORTH DAKOTA HAWKS : 3 - SALEM BLACK JAYS : 1.
7:22 of 3rd period - Theodor Blueger wins face-off versus Nick Suzuki in neutral zone.
7:25 of 3rd period - Shot by Brian Boyle.
7:25 of 3rd period - Shot Blocked by Cale Makar.
7:35 of 3rd period - Shot by Jake DeBrusk.
7:35 of 3rd period - Stopped by Anthony Stolarz without a rebound.
7:36 of 3rd period - Nic Dowd wins face-off versus Mathew Barzal in SALEM BLACK JAYS zone.
8:17 of 3rd period - Dillon Dube is hit by Mikko Rantanen and loses puck.
8:44 of 3rd period - Ryan Lindgren is hit by Mathew Barzal and loses puck.
9:05 of 3rd period - Shot by Theodor Blueger.
9:05 of 3rd period - Shot Misses the Net.
9:07 of 3rd period - Shot by Brian Boyle.
9:07 of 3rd period - Shot Blocked by Cale Makar.
9:21 of 3rd period - Nick Jensen is hit by Ryan Lindgren and loses puck.
9:32 of 3rd period - Shot by Brian Boyle.
9:32 of 3rd period - Shot Misses the Net.
9:42 of 3rd period - Shot by Dylan Cozens.
9:42 of 3rd period - Stopped by Carter Hart without a rebound.
9:43 of 3rd period - Dylan Cozens wins face-off versus Dillon Dube in NORTH DAKOTA HAWKS zone.
9:58 of 3rd period - Shot by Alex Killorn.
9:58 of 3rd period - Shot Misses the Net.
10:06 of 3rd period - Shot by Alex Killorn.
10:06 of 3rd period - Stopped by Anthony Stolarz without a rebound.
10:07 of 3rd period - Nazem Kadri wins face-off versus Troy Terry in SALEM BLACK JAYS zone.
10:08 of 3rd period - Shot by Jason Robertson.
10:08 of 3rd period - Stopped by Anthony Stolarz without a rebound.
10:09 of 3rd period - Nazem Kadri wins face-off versus Evgeny Dadonov in SALEM BLACK JAYS zone.
10:14 of 3rd period - Shot by Nazem Kadri.
10:14 of 3rd period - Shot Misses the Net.
10:35 of 3rd period - Off-side.
10:36 of 3rd period - Mathew Barzal wins face-off versus Dillon Dube in neutral zone.
10:55 of 3rd period - Shot by Mikko Rantanen.
10:55 of 3rd period - Stopped by Carter Hart without a rebound.
10:56 of 3rd period - Nazem Kadri wins face-off versus Theodor Blueger in NORTH DAKOTA HAWKS zone.
11:07 of 3rd period - Shot by Jason Robertson.
11:07 of 3rd period - Deflect By Nazem Kadri.
11:07 of 3rd period - Shot Misses the Net.
11:35 of 3rd period - Shot by Nazem Kadri.
11:35 of 3rd period - Deflect By Jason Robertson.
11:35 of 3rd period - Shot Blocked by Michael Del Zotto.
11:52 of 3rd period - Off-side.
11:53 of 3rd period - Nic Dowd wins face-off versus Mikko Rantanen in neutral zone.
12:00 of 3rd period - Shot by Nic Dowd.
12:00 of 3rd period - Stopped by Anthony Stolarz without a rebound.
12:01 of 3rd period - Mathew Barzal wins face-off versus Dillon Dube in SALEM BLACK JAYS zone.
12:22 of 3rd period - Shot by Alex Killorn.
12:22 of 3rd period - Shot Misses the Net.
12:24 of 3rd period - Shot by Alex Killorn.
12:24 of 3rd period - Shot Misses the Net.
12:33 of 3rd period - Alex Killorn is hit by Joshua Morrissey and loses puck.
12:40 of 3rd period - Shot by Alex Killorn.
12:40 of 3rd period - Stopped by Anthony Stolarz without a rebound.
12:41 of 3rd period - Nick Suzuki wins face-off versus Evgeny Dadonov in SALEM BLACK JAYS zone.
12:41 of 3rd period - Nick Suzuki is hit by Cody Ceci.
12:43 of 3rd period - Shot by Reyley Smith.
12:43 of 3rd period - Shot Blocked by Scott Mayfield.
13:03 of 3rd period - Shot by Nick Suzuki.
13:03 of 3rd period - Shot Misses the Net.
13:29 of 3rd period - Minor Penalty to Martin Necas for Roughing.
13:30 of 3rd period - Nazem Kadri wins face-off versus Brian Boyle in SALEM BLACK JAYS zone.
13:51 of 3rd period - Shot by Cale Makar.
13:51 of 3rd period - Stopped by Anthony Stolarz without a rebound.
13:52 of 3rd period - Nick Suzuki wins face-off versus Brian Boyle in SALEM BLACK JAYS zone.
13:52 of 3rd period - Nick Suzuki is hit by Scott Mayfield.
14:08 of 3rd period - Shot by Jordan Kyrou.
14:08 of 3rd period - Shot Blocked by Scott Mayfield.
14:10 of 3rd period - Shot by Alex Killorn.
14:10 of 3rd period - Shot Misses the Net.
14:18 of 3rd period - Shot by Nick Suzuki.
14:18 of 3rd period - Shot Misses the Net.
14:48 of 3rd period - Cody Ceci is hit by Alex Killorn and loses puck.
15:20 of 3rd period - Shot by Jason Robertson.
15:20 of 3rd period - Shot Blocked by Cody Ceci.
15:22 of 3rd period - Shot by Jason Robertson.
15:22 of 3rd period - Stopped by Anthony Stolarz with a rebound.
15:24 of 3rd period - Shot by Jason Robertson.
15:24 of 3rd period - Stopped by Anthony Stolarz without a rebound.
15:25 of 3rd period - Nazem Kadri wins face-off versus Brian Boyle in SALEM BLACK JAYS zone.
15:26 of 3rd period - Shot by Patrick Kane.
15:26 of 3rd period - Stopped by Anthony Stolarz without a rebound.
15:27 of 3rd period - Nazem Kadri wins face-off versus Brian Boyle in SALEM BLACK JAYS zone.
15:53 of 3rd period - Shot by Dillon Dube.
15:53 of 3rd period - Stopped by Anthony Stolarz with a rebound.
15:55 of 3rd period - Shot by Dillon Dube.
15:55 of 3rd period - Shot Misses the Net.
15:57 of 3rd period - Shot by Nick Holden.
15:57 of 3rd period - Shot Misses the Net.
16:06 of 3rd period - Dillon Dube is hit by Michael Del Zotto.
16:07 of 3rd period - Minor Penalty to Michael Del Zotto for Hooking.
16:08 of 3rd period - Brian Boyle wins face-off versus Nazem Kadri in SALEM BLACK JAYS zone.
16:17 of 3rd period - Shot by Nazem Kadri.
16:17 of 3rd period - Shot Misses the Net.
17:38 of 3rd period - Shot by Alex Killorn.
17:38 of 3rd period - Shot Hit the Post.
18:10 of 3rd period - Shot by Mikko Rantanen.
18:10 of 3rd period - Stopped by Carter Hart without a rebound.
18:11 of 3rd period - Nic Dowd wins face-off versus Mathew Barzal in NORTH DAKOTA HAWKS zone.
18:16 of 3rd period - Mitchell Marner is hit by Nic Dowd and loses puck.
18:24 of 3rd period - Icing by Mitchell Marner.
18:25 of 3rd period - Nick Suzuki wins face-off versus Mathew Barzal in SALEM BLACK JAYS zone.
18:36 of 3rd period - Shot by Nick Suzuki.
18:36 of 3rd period - Shot Blocked by Michael Del Zotto.
18:48 of 3rd period - Shot by Mikko Rantanen.
18:48 of 3rd period - Stopped by Carter Hart without a rebound.
18:49 of 3rd period - Dillon Dube wins face-off versus Brian Boyle in NORTH DAKOTA HAWKS zone.
Goals for this period are 2 for NORTH DAKOTA HAWKS vs 0 for SALEM BLACK JAYS.
Shots for this period are 16 for NORTH DAKOTA HAWKS vs 4 for SALEM BLACK JAYS.


DARCY
KUEMPER
JAKE
OETTINGER
NINO
NIEDERREITER

EAST COAST

HOCKEY LEAGUE

  • 1.CHI2QUE4
  • 2.LIM2CHA3
  • 3.LON3TRV5
  • 4.BAL5CHW6
  • 5.MANPIT
  • 6.NHWATL
  • 7.PETWOR
  • 8.RHI